 Dungeon Crawl Stone Soup version 0.18-a0-1800-gdc7a371 (webtiles) character file.

1675 sugabear the Ducker (level 9, -7/45 HPs)
             Began as a Vine Stalker Gladiator on Apr 24, 2016.
             Was a Follower of Qazlal.
             Killed from afar by an electric eel (9 damage)
             ... with a bolt of electricity
             ... on level 7 of the Dungeon.
             The game lasted 00:13:45 (6915 turns).

sugabear the Ducker (Vine Stalker Gladiator)        Turns: 6915, Time: 00:13:46

Health: -7/45      AC:  6    Str: 19    XL:     9   Next: 1%
Magic:  0/12       EV: 15    Int:  8    God:    Qazlal [*.....]
Gold:   362        SH:  1    Dex: 17    Spells: 0 memorised, 8 levels left

rFire  . . .     SeeInvis .     u - +4 mace
rCold  + . .     Gourm    .     z - +1 leather armour {rC+}
rNeg   . . .     Faith    .     (no shield)
rPois  +         Spirit   +     c - +0 helmet
rElec  .         Dismiss  .     x - +0 cloak
rCorr  .         Reflect  .     (no gloves)
SustAt .         Harm     .     (no boots)
MR     +....                    (no amulet)
Stlth  +.........               n - ring of poison resistance
                                s - +3 ring of slaying

@: somewhat resistant to hostile enchantments, very unstealthy
A: fangs 3, regeneration 2, magic shield, antimagic bite, no device heal 3, rot
immunity
a: Renounce Religion


You were on level 7 of the Dungeon.
You worshipped Qazlal.
Qazlal was aware of your devotion.
You were not hungry.

You visited 2 branches of the dungeon, and saw 8 of its levels.

You collected 362 gold pieces.

Inventory:

Hand Weapons
 u - a +4 mace (weapon)
Missiles
 d - 3 throwing nets (quivered)
 q - 110 sling bullets
Armour
 c - a +0 helmet (worn)
 x - a +0 cloak (worn)
 z - a +1 leather armour of cold resistance (worn)
Jewellery
 g - an uncursed ring of magical power
 n - a ring of poison resistance (right hand)
 s - a +3 ring of slaying (left hand)
 I - an uncursed ring of positive energy {unknown}
Wands
 o - a wand of random effects (30/48)
 B - a wand of paralysis (8/24)
 F - a wand of confusion (26/48)
Scrolls
 h - 9 scrolls of teleportation
 k - a scroll of amnesia {unknown}
 l - 4 scrolls of identify
 p - a scroll of enchant weapon {unknown}
 v - a scroll of blinking
 y - a scroll of recharging {unknown}
 A - a scroll of magic mapping {unknown}
 E - 2 scrolls of remove curse
 K - a scroll of fear {unknown}
Potions
 a - a potion of flight {unknown}
 b - 2 potions of might
 e - 4 potions of resistance
 i - a potion of cancellation {unknown}
 m - 2 potions of berserk rage {unknown}
 r - a potion of beneficial mutation {unknown}
 t - 4 potions of agility {unknown}
 w - 10 potions of curing {unknown}
 D - a potion of brilliance {unknown}
 G - 2 potions of cure mutation {unknown}
 H - a potion of degeneration {unknown}
Comestibles
 f - 5 bread rations
 j - 3 beef jerkies
 C - a meat ration


   Skills:
 + Level 4.0 Fighting
 + Level 5.1 Maces & Flails
   Level 1.9(2.7) Slings
 + Level 3.0(3.3) Throwing
 + Level 3.8 Armour
 + Level 5.3 Dodging
 * Level 3.3 Invocations


You had 8 spell levels left.
You didn't know any spells.

Dungeon Overview and Level Annotations

Branches:
Dungeon (7/15)             Temple (1/1) D:4

Altars:
Ashenzari
Elyvilon
Fedhas
Kikubaaqudgha
Makhleb
Okawaru
Pakellas
Qazlal
Ru
Sif Muna
Trog
Vehumet
Xom
Yredelemnul
Zin
The Shining One


Innate Abilities, Weirdness & Mutations

You have razor-sharp teeth.
You heal very quickly.
When hurt, damage is shared between your health and your magic reserves.
Your bite disrupts and absorbs the magic of your enemies.
Potions and wands cannot restore your health.
You are immune to rotting.


Message History

The bolt of electricity hits you!
You start resting.
HP restored.
The electric eel shoots out a bolt of lightning at you!
The bolt of electricity hits you!
The electric eel shoots out a bolt of lightning at you!
The bolt of electricity hits you! x2
The bolt of electricity hits the electric eel.
The electric eel completely resists.
The electric eel shoots out a bolt of lightning at you!
The bolt of electricity hits you!
* * * LOW HITPOINT WARNING * * *
The electric eel shoots out a bolt of lightning at you!
The bolt of electricity hits you!
* * * LOW HITPOINT WARNING * * *
The bolt of electricity hits you!
* * * LOW HITPOINT WARNING * * *
The electric eel shoots out a bolt of lightning at you!
The bolt of electricity hits you!
You die...

### #... #..P♣ #####
##[.♣P♣♣♣ #...# ##..≈≈P≈≈♣
######### #...####..♣P≈≈≈≈♣
.#......# #.....@..≈≈≈≈≈≈≈≈
.#......# #....##.♣≈≈PP≈≈P≈
.#......# #....##;≈≈≈≈≈≈≈≈≈
.#......###....##♣≈≈≈≈≈≈≈≈≈
##....÷.##..)..#...≈≈≈≈≈≈≈≈
.'......'..................
##......##..#####≈.≈≈≈≈≈≈≈;
##......##..####P≈.≈≈≈≈;≈≈≈
.#......'......♣♣≈.≈≈≈≈♣♣♣P


You could see 2 electric eels.

Vanquished Creatures
  Grinder (D:4)
  A sky beast (D:6)
  A phantom (D:4)
  An ice beast (D:7)
  2 ogres
  2 giant frogs
  Blork the orc (D:4)
  2 electric eels (D:7)
  A howler monkey (D:6)
  A crimson imp (D:5)
  An orc priest (D:7)
  A giant frog skeleton (D:4)
  A gnoll shaman (D:6)
  An iguana (D:7)
  5 orc wizards
  Crazy Yiuf (D:3)
  Natasha (thrice) (D:4)
  2 worker ants
  3 hound skeletons
  13 adders
  3 gnolls (D:6)
  An ooze (D:1)
  An adder skeleton (D:5)
  4 worms
  3 giant geckos
  13 orcs
  4 giant cockroaches
  10 goblins
  8 hobgoblins
  13 jackals
  7 quokkas
  7 bats
  A giant gecko skeleton (D:6)
  5 giant newts
  A jackal skeleton (D:6)
  3 kobolds
  A quokka zombie (D:6)
  7 rats
  A butterfly (D:4)
  4 plants (D:5)
141 creatures vanquished.

Notes
Turn   | Place    | Note
--------------------------------------------------------------
     0 | D:1      | sugabear the Vine Stalker Gladiator began the quest for the Orb.
     0 | D:1      | Reached XP level 1. HP: 11/11 MP: 2/2
    83 | D:1      | Reached XP level 2. HP: 15/15 MP: 3/3
   384 | D:1      | Reached XP level 3. HP: 14/18 MP: 4/4
   971 | D:2      | Reached XP level 4. HP: 21/23 MP: 5/5
  1004 | D:2      | Found an oddly glowing altar of Pakellas.
  1089 | D:2      | Found a blossoming altar of Fedhas.
  1090 | D:2      | Found an ancient bone altar of Kikubaaqudgha.
  1233 | D:2      | Reached skill level 1 in Slings
  1399 | D:2      | Found a shimmering altar of Xom.
  1485 | D:2      | Found a glowing golden altar of the Shining One.
  1507 | D:2      | Found a radiant altar of Vehumet.
  1517 | D:2      | Found a burning altar of Makhleb.
  2075 | D:3      | Reached XP level 5. HP: 27/27 MP: 6/6
  2343 | D:3      | Noticed Crazy Yiuf
  2352 | D:3      | Killed Crazy Yiuf
  2352 | D:3      | Reached skill level 1 in Armour
  2716 | D:4      | Noticed a phantom
  2723 | D:4      | Killed a phantom
  2723 | D:4      | Gained mutation: You heal very quickly. [Vine Stalker growth]
  2723 | D:4      | Reached XP level 6. HP: 32/32 MP: 7/7
  2731 | D:4      | Noticed Blork the orc
  2741 | D:4      | Killed Blork the orc
  2844 | D:4      | Noticed Natasha
  2849 | D:4      | Killed Natasha
  2875 | D:4      | Noticed Grinder
  2883 | D:4      | Killed Grinder
  2883 | D:4      | Reached XP level 7. HP: 30/36 MP: 8/8
  2923 | D:4      | Found a sacrificial altar of Ru.
  2923 | D:4      | Found an iron altar of Okawaru.
  3205 | D:4      | Found a staircase to the Ecumenical Temple.
  3287 | Temple   | Entered the Ecumenical Temple
  3462 | Temple   | Became a worshipper of Qazlal Stormbringer
  3610 | D:4      | Noticed Natasha
  3615 | D:4      | Killed Natasha
  3709 | D:5      | Entered Level 5 of the Dungeon
  3839 | D:4      | Noticed Natasha
  3844 | D:4      | Killed Natasha
  3844 | D:4      | Reached skill level 1 in Invocations
  4131 | D:4      | Found a staircase to the Ecumenical Temple.
  4300 | D:4      | Found an iron altar of Okawaru.
  4301 | D:4      | Found a sacrificial altar of Ru.
  4486 | D:5      | Gained mutation: You have razor-sharp teeth. [Vine Stalker growth]
  4486 | D:5      | Reached XP level 8. HP: 40/40 MP: 10/10
  6398 | D:7      | Reached skill level 5 in Dodging
  6428 | D:7      | Reached skill level 5 in Maces & Flails
  6436 | D:7      | Reached * piety under Qazlal
  6590 | D:7      | Found a glowing golden altar of the Shining One.
  6590 | D:7      | Found a white marble altar of Elyvilon.
  6820 | D:7      | Reached XP level 9. HP: 4/45 MP: 2/12
  6915 | D:7      | HP: 2/45 [electric eel/bolt of electricity (5)]
  6915 | D:7      | Killed from afar by an electric eel

Vault maps used:
D:1:      dpeg_arrival_morbid_curiosity, wad_floor_pattern_untrapped
D:2:      grunt_temple_overflow_growth_and_decay,
          amethyst_overflow_temple_binary, lemuel_round_altar,
          nicolae_overflow_hidden_temple, first_bread, tso_altar
D:3:      uniq_crazy_yiuf_cottage
D:4:      gammafunk_temple_overflow_wave, minmay_temple_entry_butterflies,
          minmay_misc_feat_chi, uniq_natasha, uniq_grinder, uniq_blork_the_orc
D:5:      serial_bayou_lagoon_a, hangedman_decor_diamond_cutter,
          roderic_lattice_a
D:6:      grunt_ministairs_2, minmay_holes, grunt_decor_mini_mirrors,
          serial_bayou_crossing
D:7:      grunt_temple_overflow_open, serial_bayou_lagoon_b
Temple:   hc_temple_tempest_star

Skill      XL: |  1  2  3  4  5  6  7  8 |
---------------+-------------------------+-----
Fighting       | 2 3 4 |  4.0
Dodging        | 3 4 5 |  5.3
Maces & Flails | 3 4 5 |  5.1
Slings         | 1 |  1.9
Throwing       | 2 3 |  3.0
Armour         | 1 2 3 |  3.8
Invocations    | 1 3 |  3.3

Action                   |  1- 3 |  4- 6 |  7- 9 || total
-------------------------+-------+-------+-------++-------
Melee: Flail             |    71 |    22 |       ||    93
       Bite              |    17 |    21 |    83 ||   121
       Hunting sling     |       |    30 |       ||    30
       Mace              |       |    19 |   220 ||   239
 Fire: Hunting sling     |     5 |    91 |       ||    96
Throw: Throwing net      |       |     8 |       ||     8
Evoke: Wand              |       |       |     1 ||     1
  Use: Scroll            |     5 |     2 |     2 ||     9
 Stab: Sleeping          |     3 |       |     1 ||     4
       Paralysed         |       |       |     1 ||     1
  Eat: Chunk             |       |     6 |    13 ||    19
Armor: Leather armour    |    34 |    18 |    20 ||    72
       Ring mail         |       |     6 |    24 ||    30
       Skin              |       |     1 |       ||     1
Dodge: Dodged            |    65 |    78 |    93 ||   236
Block: Other             |       |       |     2 ||     2
